Map: Acropolis LE

Players

Xerdo - Winner!

  • Race: Terran Terran
  • League: Silver
  • Spawn Location: 11:00

Djorn

  • Race: Protoss Protoss
  • League: Silver
  • Spawn Location: 5:00

VOD

Have the link to the VOD?

Description

Time

  • Played on: Aug. 27, 2019, 11:43 p.m.
  • Length: 16:22
Show
View Real Time Build Order
Export as new Build Order

Xerdo Terran - Winner!

Build Orders:  

Get SALT Encoding   

  12  0:02  SCV  
  13  0:14  Supply Depot  
  13  0:19  SCV  
  14  0:31  SCV  
  15  0:38  Barracks  
  15  0:46  SCV  
  16  0:50  Refinery  
  16  0:55  Supply Depot  
  16  0:59  SCV  
  17  1:09  Refinery  
  17  1:13  SCV  
  18  1:25  Engineering Bay  
  18  1:27  SCV  
  19  1:39  SCV  
  20  1:46  Reaper  
  21  1:53  Barracks  
  21  1:58  SCV  
  22  2:15  Barracks  
  22  2:20  Barracks  
  22  2:23  Reaper  
  23  2:33  Supply Depot  
  23  2:36  SCV  
  24  2:42  Reaper  
  25  2:48  SCV  
  26  3:05  Reaper x2  
  28  3:14  Reaper  
  29  3:26  Reaper  
  30  3:27  Terran Infantry Weapons Level 1  
  30  3:32  Supply Depot  
  30  3:38  Missile Turret  
  30  3:42  Missile Turret  
  30  3:46  Marine x2  
  30  3:47  Marine  
  30  4:26  Marine  
  30  4:27  Marine x3  
  34  4:31  Factory  
  34  4:44  Marine x2  
  34  4:45  Marine  
  36  5:21  Marine x4  
  38  5:38  Marine  
  38  5:40  Supply Depot, Terran Infantry Armor Level 1, Command Center  
  38  5:42  Barracks Tech Lab, Barracks Reactor  
  39  5:44  Marine  
  39  5:48  Starport  
  40  5:57  Starport  
  40  6:00  Marine x2  
  42  6:30  Marine x3  
  45  6:38  Orbital Command  
  44  6:50  Missile Turret  
  44  6:54  Starport Tech Lab, Starport Reactor  
  44  6:56  Missile Turret  
  44  7:07  SCV x2  
  46  7:16  Supply Depot  
  46  7:22  Orbital Command  
  46  7:27  Raven  
  48  7:31  SCV  
  48  7:34  Hi-Sec Auto Tracking  
  49  7:41  Marine x2  
  49  7:42  Marine  
  49  7:43  SCV  
  53  7:50  Medivac  
  55  7:51  Medivac  
  57  8:03  Marine x2  
  59  8:05  Barracks Reactor  
  59  8:07  SCV x2  
  59  8:10  Marine x2  
  63  8:16  Medivac  
  65  8:21  Marine  
  65  8:22  Supply Depot  
  66  8:28  Marine x3  
  66  8:32  Supply Depot  
  69  8:36  Supply Depot  
  69  8:37  SCV  
  70  8:44  Medivac  
  72  8:54  Refinery, SCV x2  
  74  9:00  Raven  
  76  9:06  Marine x4, SCV  
  76  9:07  Marine x2  
  83  9:17  Supply Depot  
  83  9:21  Refinery  
  83  9:22  SCV x2  
  85  9:24  Marine x5  
  85  9:25  Marine  
  91  9:42  Marine  
  92  9:48  Armory  
  92  9:50  Medivac x2  
  91  10:19  Marine x5  
  91  10:20  Marine  
  97  10:29  SCV  
  97  10:30  SCV  
  99  10:37  Marine x5  
  104  10:42  Command Center  
  104  10:45  Liberator x2  
  104  10:53  Supply Depot  
  104  10:58  Liberator  
  110  11:09  Terran Infantry Weapons Level 2  
  110  11:13  Terran Vehicle And Ship Armor Level 1  
  110  11:17  Supply Depot  
  113  11:23  Marine x4  
  113  11:24  Marine  
  118  11:40  Supply Depot  
  118  11:45  Marine x2  
  118  11:46  Marine x4  
  124  12:03  Marine x4  
  124  12:04  Marine x2  
  130  12:09  Planetary Fortress  
  130  12:15  Missile Turret  
  130  12:21  Medivac, Marine x3  
  135  12:27  Supply Depot  
  135  12:33  Medivac  
  135  12:36  Missile Turret  
  137  12:44  Stimpack  
  132  13:51  Marine  
  132  13:52  Marine x5  
  138  14:09  Marine x2  
  139  14:10  Marine x3  
  143  14:22  Marine  
  144  14:24  Combat Shield  
  144  14:27  Marine x3  
  144  14:28  Marine  
  144  14:31  Supply Depot  
  148  14:34  Refinery x2  
  148  14:53  Supply Depot  
  148  14:54  Marine x2  
  148  14:55  Marine x4  
  148  14:58  SCV x3  
  152  15:12  Marine x2  
  154  15:18  Marine x3  
  154  15:19  Marine  
  158  15:30  Marine x2  
  145  16:03  Marine x4  
  145  16:04  Marine x2  
Show
View Real Time Build Order
Export as new Build Order

Djorn Protoss 

Build Orders: Zealot Archon 

Get SALT Encoding   

  12  0:01  Probe  
  13  0:14  Probe  
  14  0:27  Pylon, Probe  
  15  0:46  Gateway  
  15  0:48  Probe  
  16  0:56  Probe  
  17  1:04  Probe  
  17  1:05  Assimilator  
  17  1:10  Assimilator  
  18  1:14  Probe  
  19  1:22  Gateway  
  19  1:27  Probe  
  20  1:39  Probe  
  21  1:42  Cybernetics Core  
  21  1:45  Pylon  
  21  2:04  Pylon  
  21  2:08  Gateway  
  21  2:10  Warp Gate  
  21  2:15  Probe  
  22  2:27  Probe  
  23  2:33  Robotics Facility  
  23  2:38  Forge  
  23  2:41  Pylon, Stalker  
  25  2:52  Stalker  
  25  3:06  Stalker  
  26  3:23  Observer  
  27  3:27  Probe  
  28  3:40  Probe  
  29  3:41  Twilight Council  
  29  3:49  Probe  
  30  3:57  Probe  
  31  4:06  Probe  
  31  4:18  Probe  
  31  4:22  Pylon  
  32  4:24  Pylon  
  32  4:29  Immortal  
  32  4:30  Probe  
  37  4:40  Adept  
  37  4:41  Adept x2  
  37  4:42  Probe  
  44  4:50  Probe  
  44  4:58  Probe  
  45  5:08  Probe  
  45  5:21  Probe  
  44  5:32  Gateway  
  44  5:34  Gateway  
  44  5:41  Nexus  
  44  5:45  Protoss Ground Weapons Level 1  
  44  5:52  Templar Archives  
  44  6:03  Zealot x2  
  48  6:09  Zealot  
  50  6:43  High Templar  
  50  6:44  High Templar x2  
  56  6:58  Assimilator  
  56  7:01  Assimilator  
  56  7:02  Probe  
  57  7:10  Zealot x2  
  57  7:14  Probe  
  62  7:15  Charge  
  61  7:22  Probe  
  62  7:30  Probe  
  62  7:36  High Templar  
  65  7:40  Archon x2  
  65  7:41  Probe  
  65  7:43  Protoss Ground Armor Level 1  
  65  7:44  Zealot x4  
  74  7:52  Probe  
  75  8:00  Probe  
  76  8:12  High Templar  
  78  8:20  Pylon  
  78  8:23  Pylon  
  78  8:25  Pylon  
  78  8:31  Pylon  
  78  8:34  Pylon  
  78  8:38  Pylon  
  78  8:39  Probe  
  79  8:41  Pylon  
  79  8:50  Nexus  
  79  8:51  Probe  
  79  8:54  High Templar x2  
  84  8:57  High Templar  
  84  9:01  Archon x2  
  86  9:20  Robotics Facility  
  86  9:21  Robotics Facility  
  86  9:31  Zealot x2  
  88  9:32  Zealot  
  92  9:40  Probe  
  93  9:48  High Templar  
  93  9:49  High Templar  
  93  9:52  Probe  
  98  9:54  Archon  
  96  10:04  Probe  
  73  10:13  Zealot x2  
  73  10:14  Zealot  
  67  10:28  High Templar  
  67  10:29  High Templar  
  71  10:42  Probe  
  72  10:54  Probe  
  73  11:04  Zealot x2  
  73  11:05  Zealot  
  73  11:06  Probe  
  80  11:13  Gateway  
  80  11:14  Gateway  
  80  11:16  Gateway  
  80  11:21  Robotics Bay  
  80  11:27  Immortal  
  82  11:46  Archon  
  78  11:56  Assimilator  
  78  12:01  Assimilator  
  78  12:09  Colossus x2  
  78  12:11  Probe  
  91  12:20  Probe  
  91  12:29  Probe  
  92  12:30  High Templar x2  
  97  12:41  Probe  
  98  12:46  Psionic Storm  
  98  12:47  Zealot  
  98  12:48  Zealot x3  
  106  13:08  Zealot x6  
  118  13:17  Pylon  
  118  13:20  Pylon  
  118  13:23  Pylon  
  118  13:26  Pylon  
  110  13:32  High Templar  
  101  13:44  Pylon x2  
  101  13:47  Pylon  
  98  13:49  Pylon  
  98  13:50  Pylon  
  98  13:51  Pylon  
  98  13:54  Pylon  
  96  14:03  Templar Archives  
  96  14:06  Cybernetics Core  
  96  14:07  Zealot x3  
  102  14:13  Gateway  
  102  14:14  Colossus x2  
  102  14:15  Gateway  
  113  15:20  Pylon  
  113  15:22  Pylon  
  113  15:31  Pylon  
  113  15:39  Pylon  
  82  15:52  Zealot x2  
  82  15:53  Zealot x3  
  70  16:16  Stalker x2  
Tags
 
Composition
Zealot Archon
Matchup
PvT
Replay Pack
sc2replays
Spawn Locations
Cross Positions
Add a new tag
Caveats
  • Supply blocks, unpowered buildings, or Contaminate may cause inaccurate times.
  • Supply counts are checked every 10 seconds.